 Dungeon Crawl Stone Soup version 0.17.0-56-gd8de76c (webtiles) character file.

1176 PossumBlood the Thaumaturge (level 8, -15/41 HPs)
             Began as a Deep Elf Wizard on Dec 5, 2015.
             Demolished by bezhaha's ghost (21 damage)
             ... while paralysed by bezhaha's ghost
             ... on level 6 of the Dungeon on Dec 6, 2015.
             The game lasted 00:39:19 (7575 turns).

PossumBlood the Thaumaturge (Deep Elf Wizard)       Turns: 7575, Time: 00:39:19

Health: -15/41     AC:  8    Str:  4    XL:     8   Next: 18%
Magic:  15/24      EV:  2    Int: 29    God:
Gold:   203        SH:  0    Dex: 13    Spells: 6 memorised, 14 levels left

rFire  + . .     SeeInvis .     s - +5 quarterstaff (chaos)
rCold  . . .     Clarity  .     a - +0 robe
rNeg   . . .     SustAt   .     (shield currently unavailable)
rPois  .         Gourm    +     b - +0 hat
rElec  .         Spirit   .     t - +2 cloak {MR+}
rCorr  .         Warding  .     k - +2 pair of gloves
rMut   .         Stasis   .     (no boots)
MR     +....                    x - amulet of the gourmand
Stlth  ++........               v - ring of protection from fire
                                u - +3 ring of intelligence

@: paralysed, lethally poisoned (-15 -> -19), slowed, somewhat resistant to
hostile enchantments, unstealthy
A: no striking features
a: no special abilities


You were on level 6 of the Dungeon.
You were not hungry.

You visited 1 branch of the dungeon, and saw 6 of its levels.
You also visited: Ossuary.

You collected 291 gold pieces.
You spent 88 gold pieces at shops.

Inventory:

Hand Weapons
 n - a +0 short sword
 o - a +1 dagger of electrocution
 s - a +5 quarterstaff of chaos (weapon)
Armour
 a - a +0 robe (worn)
 b - a +0 hat (worn)
 k - a +2 pair of gloves (worn)
 t - a +2 cloak of magic resistance (worn)
Jewellery
 u - a +3 ring of intelligence (left hand)
 v - a ring of protection from fire (right hand)
 x - an amulet of the gourmand (around neck)
 F - an uncursed amulet of guardian spirit {unknown}
Wands
 G - a wand of draining (10)
 H - a wand of digging (6)
Scrolls
 g - 3 scrolls of teleportation
 m - 4 scrolls of fog
 w - 2 scrolls of amnesia
 y - 6 scrolls of identify
 C - 3 scrolls of remove curse
 E - a scroll of magic mapping
Potions
 e - 2 potions of heal wounds {unknown}
 f - 3 potions of curing
 i - 2 potions of agility {unknown}
 j - 2 potions of invisibility {unknown}
 l - a potion of cancellation {unknown}
 p - a potion of cure mutation {unknown}
 r - 3 potions of flight {unknown}
 z - a potion of degeneration {unknown}
 A - a potion of berserk rage {unknown}
 B - a potion of mutation {unknown}
 D - a potion of poison {unknown}
Books
 c - a book of Minor Magic

   Spells                             Type                      Level
   a - Magic Dart                     Conjuration                  1
   b - Blink                          Translocation                2
   c - Call Imp                       Summoning                    2
   d - Repel Missiles                 Charms/Air                   2
   e - Slow                           Hexes                        2
   f - Conjure Flame                  Conjuration/Fire             3
   g - Mephitic Cloud                 Conjuration/Poison/Air       3
Comestibles
 d - 4 bread rations
 h - 2 meat rations
 q - 2 royal jellies


   Skills:
 - Level 2.4 Dodging
 - Level 2.4 Stealth
 + Level 10.1 Spellcasting
 + Level 7.3 Conjurations
   Level 1.1 Summonings
 - Level 1.1 Translocations
 - Level 0.7 Poison Magic


You had 14 spell levels left.
You knew the following spells:

 Your Spells              Type           Power        Failure   Level  Hunger
a - Magic Dart            Conj           ####         1%          1    None
b - Blink                 Tloc           N/A          3%          2    None
c - Slow                  Hex            ##......     6%          2    None
d - Mephitic Cloud        Conj/Pois/Air  ####....     4%          3    None
e - Repel Missiles        Chrm/Air       ##....       6%          2    None
f - Conjure Flame         Conj/Fire      #####...     2%          3    None


Dungeon Overview and Level Annotations

Branches:
Dungeon (6/15)
 Temple: D:4-7

Altars:
Dithmenos
Elyvilon
Fedhas
Vehumet
Yredelemnul
The Shining One

Shops:
D:5 ?

Annotations:
D:6 bezhaha's ghost, novice GrCK


Message History

Aiming: Magic Dart
Press: ? - help, Shift-Dir - straight line, f/p - bezhaha's ghost
Aim: bezhaha's ghost, wielding a weapon of chaos (lightly damaged)
The magic dart hits bezhaha's ghost.
Bezhaha's ghost is lightly damaged.
You feel sick. Bezhaha's ghost hits you!
You suddenly lose the ability to move!
Bezhaha's ghost hits you. Bezhaha's ghost freezes you.
You feel sick. Bezhaha's ghost hits you.
* * * LOW HITPOINT WARNING * * *
You feel yourself slow down.
You feel sick. The crimson imp hits you.
* * * LOW HITPOINT WARNING * * *
Bezhaha's ghost hits you.
* * * LOW HITPOINT WARNING * * *
x2 The crimson imp hits you.
* * * LOW HITPOINT WARNING * * *
Bezhaha's ghost lets out a mournful wail.
Bezhaha's ghost hits you!!
Ouch! That really hurt!
You die...

#....# ##...## #
#####8....## #.
#...#......# .# #
#._.......## ##.#
.# #...#......#
.(.###..#
#####8...###
#.#...#.# ##...#
####W.......
##..###...@5......
#...##[##########
##..###.#
##....##.#
#...####.# ##....#
#.# ##....## #.#
#.....# #.#
##....## #.#


You could see bezhaha's ghost and a crimson imp.

Vanquished Creatures
  Edmund (D:5)
  Purgy (D:4)
  An ice beast (D:5)
  An ogre (D:4)
  2 scorpions (D:4)
  A crimson imp (D:5)
  An orc priest (D:4)
  An orc wizard (D:4)
  Crazy Yiuf (D:3)
  2 worker ants
  A hound (D:2)
  Jessica (D:3)
  8 big kobold zombies (Ossuary)
  2 mummies
  Robin (D:3)
  13 adders
  4 gnolls (D:5)
  A shadow imp (D:5)
  2 oozes
  2 worms
  5 giant geckos
  10 orcs
  3 spectral bats (Ossuary)
  4 gnoll zombies (Ossuary)
  8 hobgoblins
  5 kobolds
  3 ball pythons
  6 bats
  3 bat simulacra (Ossuary)
  8 giant cockroaches
  A giant gecko skeleton (D:4)
  4 giant newts
  13 goblins
  4 goblin simulacra (Ossuary)
  7 goblin zombies (Ossuary)
  4 hobgoblin zombies (Ossuary)
  4 kobold simulacra (Ossuary)
  4 kobold zombies (Ossuary)
  3 orc zombies (Ossuary)
  A quokka (D:5)
  15 rats
  3 rat simulacra (Ossuary)
  3 spectral goblins (Ossuary)
  2 spectral kobolds (Ossuary)
  A spectral rat (Ossuary)
  5 fungi (D:3)
176 creatures vanquished.

Vanquished Creatures (others)
  A giant cockroach (D:4)
  A quokka (D:4)
  A bat (D:1)
3 creatures vanquished.

Grand Total: 179 creatures vanquished

Notes
Turn   | Place    | Note
--------------------------------------------------------------
     0 | D:1      | PossumBlood the Deep Elf Wizard began the quest for the Orb.
     0 | D:1      | Reached XP level 1. HP: 10/10 MP: 7/7
   207 | D:1      | Reached XP level 2. HP: 15/15 MP: 7/9
   336 | D:1      | Reached skill level 5 in Spellcasting
   756 | D:1      | Reached XP level 3. HP: 19/19 MP: 4/11
  1088 | D:2      | Learned a level 2 spell: Blink
  1091 | D:2      | Learned a level 2 spell: Slow
  1095 | D:2      | Learned a level 3 spell: Mephitic Cloud
  1129 | D:2      | Found a faded altar to an unknown god.
  1332 | D:2      | Reached XP level 4. HP: 20/24 MP: 7/13
  1525 | D:2      | Reached skill level 6 in Spellcasting
  2325 | D:3      | Noticed Crazy Yiuf
  2335 | D:3      | Killed Crazy Yiuf
  2335 | D:3      | Reached XP level 5. HP: 23/28 MP: 3/16
  2557 | D:3      | Noticed Robin
  2565 | D:3      | Killed Robin
  3045 | D:3      | Reached skill level 7 in Spellcasting
  3050 | D:3      | Noticed Jessica
  3054 | D:3      | Killed Jessica
  3280 | D:4      | Noticed Purgy
  3294 | D:4      | Reached XP level 6. HP: 24/32 MP: 12/18
  3307 | D:4      | Killed Purgy
  3462 | D:4      | Reached skill level 5 in Conjurations
  3632 | D:4      | Found a sand-covered staircase.
  3641 | Ossuary  | Entered an ossuary
  3768 | Ossuary  | Reached skill level 8 in Spellcasting
  4140 | Ossuary  | Reached XP level 7. HP: 34/36 MP: 11/20
  4997 | D:4      | Found a glowing golden altar of the Shining One.
  4997 | D:4      | Found a radiant altar of Vehumet.
  4998 | D:4      | Found a blossoming altar of Fedhas.
  5189 | D:4      | Learned a level 2 spell: Repel Missiles
  5193 | D:4      | Learned a level 3 spell: Conjure Flame
  5234 | D:4      | Reached skill level 9 in Spellcasting
  5370 | D:4      | Found a basalt altar of Yredelemnul.
  5429 | D:4      | Found a white marble altar of Elyvilon.
  5793 | D:4      | Noticed an ogre
  5819 | D:4      | Killed an ogre
  6097 | D:5      | Entered Level 5 of the Dungeon
  6101 | D:5      | Noticed Edmund
  6150 | D:5      | Killed Edmund
  6302 | D:5      | Found a shadowy altar of Dithmenos.
  6316 | D:5      | Reached XP level 8. HP: 11/41 MP: 15/23
  6735 | D:5      | Reached skill level 10 in Spellcasting
  6907 | D:5      | Found Qipparghi's Magic Scroll Shop.
  6923 | D:5      | Bought 3 scrolls of identify for 66 gold pieces
  6923 | D:5      | Bought a scroll of identify for 22 gold pieces
  7517 | D:6      | Found a glowing golden altar of the Shining One.
  7561 | D:6      | Noticed bezhaha's ghost (novice GrCK)
  7571 | D:6      | Paralysed by bezhaha's ghost for 7 turns
  7575 | D:6      | Demolished by bezhaha's ghost

Action                   |  1- 3 |  4- 6 |  7- 9 || total
-------------------------+-------+-------+-------++-------
Melee: Quarterstaff      |       |    37 |    13 ||    50
 Cast: Magic Dart        |    75 |   231 |   229 ||   535
       Mephitic Cloud    |       |     2 |     1 ||     3
       Blink             |       |       |     8 ||     8
       Slow              |       |       |     3 ||     3
       Conjure Flame     |       |       |     3 ||     3
  Use: Scroll            |     5 |     3 |     6 ||    14
       Potion            |       |     2 |     3 ||     5
  Eat: Bread ration      |     1 |     2 |     2 ||     5
